 Dungeon Crawl Stone Soup version 0.17.0-26-gececa24 (console) character file.

96 jw the Cutter (level 4, 0/31 HPs)
             Began as an Octopode Berserker on Nov 20, 2015.
             Was a Believer of Trog.
             Slain by a kobold
             ... wielding a +0 dagger
              (3 damage)
             ... on level 3 of the Dungeon.
             The game lasted 00:06:16 (2592 turns).

jw the Cutter (Octopode Berserker)                  Turns: 2592, Time: 00:06:16

Health: 0/31       AC:  1    Str: 16      XL:     4   Next: 67%
Magic:  4/4        EV: 13    Int:  9      God:    Trog [**....]
Gold:   129        SH:  0    Dex: 11 (12) Spells: 0 memorised, 3 levels left

rFire  . . .     SeeInvis .     b - +0 dagger (elec)
rCold  . . .     Clarity  +     (no shield)
rNeg   . . .     SustAt   .     (helmet restricted)
rPois  .         Gourm    .     (no amulet)
rElec  .         Spirit   .     (no ring)
rCorr  .         Warding  .     (no ring)
rMut   .         Rnd*Tele +     (no ring)
MR     .....                    (no ring)
Stlth  +++.......               (no ring)
                                (no ring)
                                (no ring)
                                (no ring)

@: lethally poisoned (0 -> -2), very slightly contaminated, not resistant to
hostile enchantments, fairly stealthy
A: almost no armour, amphibious, 8 rings, constrict 8, camouflage 1, clarity,
deterioration 1, teleportitis 1, gelatinous body 1
a: Berserk, Trog's Hand, Burn Spellbooks, Renounce Religion


You were on level 3 of the Dungeon.
You worshipped Trog.
Trog was pleased with you.
You were very hungry.

You visited 1 branch of the dungeon, and saw 3 of its levels.

You collected 129 gold pieces.

Inventory:

Hand Weapons
 b - a +0 dagger of electrocution (weapon)
Missiles
 d - 114 stones (quivered)
 h - 5 curare-tipped needles
 k - 22 poisoned needles
Scrolls
 c - 3 scrolls of identify
Potions
 a - a potion of curing
 f - a potion of mutation
 j - a potion of ambrosia {unknown}
Comestibles
 l - 3 bread rations


   Skills:
 + Level 3.5 Fighting
 * Level 3.7 Short Blades
 + Level 1.2 Throwing
 + Level 3.2 Dodging
 * Level 3.2 Stealth


You had 3 spell levels left.
You didn't know any spells.

Dungeon Overview and Level Annotations

Branches:
Dungeon (3/15)

Altars:


Innate Abilities, Weirdness & Mutations

You cannot wear most types of armour.
You are amphibious.
You can wear up to eight rings at the same time.
You can use your tentacles to constrict eight enemies at once.
Your skin changes colour to match your surroundings (Stealth).
Your rubbery body absorbs attacks (AC +1).
You possess an exceptional clarity of mind.
Your body sometimes deteriorates upon taking damage.
You are occasionally teleported to nearby monsters.


Message History

ATTACKING (-1,-1)
You hit the kobold but do no damage.
The kobold is moderately wounded.
You constrict the kobold. The kobold hits you with a dagger.
The rat bites the bush but does no damage.
The kobold hits you but does no damage. The kobold misses you.
The rat bites the plant but does no damage.
The kobold hits you with a dagger.
MOVING TO (2,-1)
You release your grip on the kobold.
Your skin stops crawling.
You feel less resistant to hostile enchantments.
The kobold hits you with a dagger.
The rat completely misses the plant.
The rat bites the plant.
ATTACKING (-1,-1)
You hit the kobold but do no damage.
There is a sudden explosion of sparks!
You kill the kobold!
Trog accepts your kill. The kobold hits you with a dagger.
You die...

## #7# 7P77##77
7PPP#P...PP7#
PPPP#.....#P# #
P.r#.......P#.#
..r#.%.ยค......#
P.r#.%)K.%.P#


PPPP..)KKPP# PPPPP~.xP#P# #77PP7#77 ### You could see 3 kobolds and 3 rats.

Table legend:
 A = Turns spent in this place as a percentage of turns spent in the entire game.
 B = Non-inter-level travel turns spent in this place as a percentage of non-inter-level travel turns spent in the entire game.
 C = Inter-level travel turns spent in this place as a percentage of turns spent in this place.
 D = Turns resting spent in this place as a percentage of non-inter-level travel turns spent in this place.
 E = Turns spent auto-exploring this place as a percentage of non-inter-level travel turns spent in this place.
 F = Non-inter-level travel turns spent in this place divided by the number of levels of this place that you've seen.
                   A       B       C       D       E      F
               +-------+-------+-------+-------+-------+----------------------
         Total | 100.0 | 100.0 |   0.5 |   1.0 |   2.7 | 1080.3
       Dungeon | 100.0 | 100.0 |   0.5 |   1.0 |   2.7 | 1080.3
               +-------+-------+-------+-------+-------+----------------------

Table legend:
 A = Kills in this place as a percentage of kills in entire the game.
 B = Kills by you in this place as a percentage of kills by you in the entire game.
 C = Kills by friends in this place as a percentage of kills by friends in the entire game.
 D = Other kills in this place as a percentage of other kills in the entire game.
 E = Experience gained in this place as a percentage of experience gained in the entire game.
 F = Experience gained in this place divided by the number of levels of this place that you have seen.
                   A       B       C       D       E      F
               +-------+-------+-------+-------+-------+----------------------
         Total | 100.0 | 100.0 |  -nan |  -nan | 100.0 |  46.0
       Dungeon | 100.0 | 100.0 |  -nan |  -nan | 100.0 |  46.0
               +-------+-------+-------+-------+-------+----------------------

Vanquished Creatures
  Robin (D:2)
  An adder (D:2)
  An ooze (D:1)
  3 giant geckos (D:1)
  An orc (D:3)
  7 bats
  4 giant cockroaches
  12 goblins
  15 hobgoblins
  8 kobolds
  A quokka (D:3)
  3 giant newts
  5 rats (D:1)
62 creatures vanquished.

Notes
Turn   | Place    | Note
--------------------------------------------------------------
     0 | D:1      | jw the Octopode Berserker began the quest for the Orb.
     0 | D:1      | Reached XP level 1. HP: 16/16 MP: 1/1
   234 | D:1      | Reached XP level 2. HP: 21/21 MP: 2/2
   350 | D:1      | Reached skill level 1 in Stealth
   459 | D:1      | Reached skill level 1 in Throwing
   524 | D:1      | Reached XP level 3. HP: 22/26 MP: 3/3
   897 | D:1      | Reached ** piety under Trog
  1313 | D:1      | Gained mutation: You possess an exceptional clarity of mind. [potion of mutation]
  1313 | D:1      | Gained mutation: Your body sometimes deteriorates upon taking damage. [potion of mutation]
  1313 | D:1      | Gained mutation: You are occasionally teleported to nearby monsters. [potion of mutation]
  1938 | D:2      | Noticed Robin
  1947 | D:2      | Killed Robin
  1947 | D:2      | Reached XP level 4. HP: 21/31 MP: 4/4
  2592 | D:3      | Slain by a kobold

Action                   |  1- 3 |  4- 6 || total
-------------------------+-------+-------++-------
Melee: Short sword       |    59 |       ||    59
       Dagger            |     7 |    23 ||    30
Throw: Stone             |    70 |     8 ||    78
       Javelin           |     5 |     3 ||     8
Invok: Berserk           |     2 |       ||     2
       Trog's Hand       |       |     1 ||     1
  Use: Scroll            |     6 |     2 ||     8
       Potion            |     1 |     2 ||     3
 Stab: Sleeping          |     8 |     2 ||    10
  Eat: Chunk             |     4 |     2 ||     6

Vault maps used:
D:1:      dpeg_arrival_solitude
D:2:      minmay_door_path, first_bread, uniq_robin
D:3:      lexackson_kobold_supper
